 Dungeon Crawl Stone Soup version 0.18.1-48-g4cf74bf (webtiles) character file.

53 tyranidshit the Skirmisher (level 3, -2/31 HPs)
             Began as a Demonspawn Abyssal Knight on Sept 8, 2016.
             Was a Believer of Lugonu.
             Slain by Jessica
             ... wielding a +0 club
              (6 damage)
             ... on level 2 of the Dungeon.
             The game lasted 00:04:43 (1023 turns).

tyranidshit the Skirmisher (DsAK)                   Turns: 1023, Time: 00:04:43

Health: -2/31      AC:  5    Str: 13    XL:     3   Next: 62%
Magic:  3/3        EV:  6    Int: 13    God:    Lugonu [**....]
Gold:   100        SH:  3    Dex: 12    Spells: 0 memorised, 2 levels left

rFire  . . .     SeeInvis .     a - +2 hand axe
rCold  . . .     Gourm    .     o - +0 ring mail
rNeg   . . .     Faith    .     i - +0 buckler
rPois  .         Spirit   .     (helmet restricted)
rElec  .         Dismiss  .     (no cloak)
rCorr  .         Reflect  .     (no gloves)
SustAt .         Harm     .     (no boots)
MR     .....                    (no amulet)
Stlth  +.........               (no ring)
                                (no ring)

@: constricted, not resistant to hostile enchantments, very unstealthy
A: horns 1, talons 1, low mp 2, screaming 1
a: Depart the Abyss, Bend Space, Renounce Religion


You were on level 2 of the Dungeon.
You worshipped Lugonu.
Lugonu was pleased with you.
You were hungry.

You visited 1 branch of the dungeon, and saw 2 of its levels.
You visited the Abyss 1 time.

You collected 100 gold pieces.

Inventory:

Hand Weapons
 a - a +2 hand axe (weapon)
Armour
 i - a +0 buckler (worn)
 o - a +0 ring mail (worn)
Scrolls
 d - a scroll of identify
 e - a scroll of recharging
 j - a scroll of remove curse
 k - a scroll of immolation
Potions
 b - a potion of cancellation
Comestibles
 c - 2 bread rations
 g - a meat ration


   Skills:
 + Level 4.6 Fighting
 - Level 1.7 Axes
 - Level 1.7 Armour
 - Level 0.8 Dodging
 - Level 2.4 Invocations


You had 2 spell levels left.
You didn't know any spells.

Dungeon Overview and Level Annotations

Branches:
Dungeon (2/15)

Altars:
Vehumet

Annotations:
D:2 Jessica


Innate Abilities, Weirdness & Mutations

You have a pair of small horns on your head.
You have sharp toenails.
You occasionally shout uncontrollably at your foes.
[Your magical capacity is very low (-20% MP).]


Message History

* * * LOW HITPOINT WARNING * * *
The ball python constricts you.
The adder bites you but does no damage. x2
Jessica hits you but does no damage. The ball python bites you.
* * * LOW HITPOINT WARNING * * *
The ball python constricts you. The adder barely misses you.
You hit the adder. Your kick misses the adder.
The adder is almost dead.
You hit Jessica.
Jessica is heavily wounded.
You miss the adder.
The adder is heavily wounded.
You hit the ball python.
The ball python is severely wounded.
You block Jessica's attack. The adder bites you but does no damage.
The adder bites you.
* * * LOW HITPOINT WARNING * * *
The ball python bites you but does no damage.
* * * LOW HITPOINT WARNING * * *
The ball python constricts you. Jessica hits you with a club.
You die...

#### .#.# ...
#.. #.. #..## #
#.@S# ###'#.S@#
.......S# #####
........#S.....
........P.#
###.###.†.....#
... ..#.#...#
... .#.#P.#.#.
.. ..#.##P# #
..... #.......
... ##


You could see 2 adders, Jessica and a ball python.

Vanquished Creatures
  An adder (D:2)
  An ooze (D:2)
  A worm (D:2)
  4 ball pythons (D:2)
  3 giant cockroaches
  3 goblins
  8 hobgoblins
  7 kobolds
  4 bats
  2 giant newts (D:2)
  4 rats
38 creatures vanquished.

Notes
Turn   | Place    | Note
--------------------------------------------------------------
     0 | Abyss:1  | tyranidshit the Demonspawn Abyssal Knight began the quest for the Orb.
     0 | Abyss:1  | Reached XP level 1. HP: 18/18 MP: 2/2
    55 | Abyss:2  | Noticed an insubstantial wisp
   110 | Abyss:2  | Noticed a starcursed mass
   126 | Abyss:2  | Noticed a wretched star
   127 | D:1      | Escaped the Abyss
   147 | D:1      | Reached * piety under Lugonu
   246 | D:1      | Gained mutation: You have a pair of small horns on your head. [demonic ancestry]
   246 | D:1      | Reached XP level 2. HP: 17/24 MP: 3/3
   599 | D:1      | Gained mutation: You have sharp toenails. [potion of mutation]
   599 | D:1      | Gained mutation: You occasionally shout uncontrollably at your foes. [potion of mutation]
   779 | D:2      | Reached skill level 4 in Fighting
   824 | D:2      | Reached XP level 3. HP: 26/30 MP: 3/3
   836 | D:2      | Reached ** piety under Lugonu
   931 | D:2      | Found a radiant altar of Vehumet.
  1010 | D:2      | Noticed Jessica
  1023 | D:2      | Slain by Jessica

Skill      XL: |  1  2 |
---------------+-------+-----
Fighting       | 4 |  4.6
Axes           | |  1.7
Armour         | |  1.7
Dodging        | |  0.8
Invocations    | |  2.4

Action                   || total
-------------------------++-------
Melee: Hand axe          ||    81
       Kick              ||     9
       Headbutt          ||     7
Throw: Tomahawk          ||     7
Invok: Depart the Abyss  ||     1
  Use: Scroll            ||     6
       Potion            ||     9
Armor: Leather armour    ||    10
       Ring mail         ||    67
Dodge: Dodged            ||    80
Block: Buckler           ||     6
